Map: Abyssal Reef LE

Players

TLO - Winner!

  • Race: Zerg Zerg
  • Spawn Location: 11:00

PandaBearMe

  • Race: Zerg Zerg
  • Spawn Location: 5:00

Event: WCS Austin 2017

VOD

Have the link to the VOD?

Description

Time

  • Played on: April 28, 2017, 6:14 p.m.
  • Length: 10:14

All games in this series

Show
View Real Time Build Order
Export as new Build Order

TLO Zerg - Winner!

Build Orders: Hatch First, Zergling Baneling 

Get SALT Encoding   

  12  0:00  Drone  
  13  0:12  Overlord  
  13  0:17  Drone  
  14  0:30  Drone x2  
  14  0:35  Drone  
  17  0:53  Hatchery  
  17  0:56  Drone  
  17  1:08  Spawning Pool  
  16  1:12  Drone  
  16  1:13  Extractor  
  16  1:17  Drone  
  17  1:20  Drone  
  18  1:29  Drone  
  19  1:38  Overlord  
  19  1:55  Queen  
  19  1:56  Zergling x2  
  22  2:02  Drone  
  22  2:04  Queen  
  25  2:08  Drone  
  25  2:11  Drone  
  27  2:18  Drone  
  28  2:23  Drone  
  28  2:28  Hatchery  
  28  2:31  Drone  
  28  2:34  Drone  
  30  2:40  Queen  
  32  2:49  Baneling Nest  
  32  2:50  Overlord  
  31  2:55  Drone  
  31  2:57  Drone  
  33  3:01  Zergling x2  
  34  3:06  Drone x2  
  34  3:10  Drone  
  34  3:11  Drone  
  34  3:12  Drone  
  39  3:13  Zergling x2  
  39  3:14  Drone  
  40  3:21  Drone  
  40  3:23  Drone x2  
  40  3:26  Evolution Chamber  
  43  3:27  Zergling x2  
  43  3:33  Baneling x2  
  43  3:34  Drone  
  44  3:37  Overlord  
  44  3:42  Baneling  
  44  3:46  Drone  
  45  3:49  Drone  
  45  3:52  Drone  
  45  3:54  Drone  
  45  3:55  Roach Warren  
  46  3:57  Baneling  
  46  4:00  Zergling x2  
  46  4:01  Zergling x2, Baneling x2  
  48  4:05  Drone  
  48  4:09  Drone  
  50  4:10  Drone  
  50  4:12  Zergling x2, Extractor  
  50  4:15  Zergling x2  
  50  4:16  Zergling x2  
  51  4:19  Queen  
  51  4:21  Zergling x2  
  51  4:23  Zergling x2  
  54  4:27  Zergling x2  
  54  4:28  Zergling x4  
  54  4:29  Overlord  
  54  4:31  Baneling x2  
  57  4:34  Overlord  
  57  4:35  Overlord  
  57  4:36  Zerg Missile Weapons Level 1  
  57  4:38  Baneling  
  57  4:42  Overlord  
  57  4:44  Overlord  
  57  4:45  Extractor  
  56  4:47  Extractor  
  56  4:48  Drone x3  
  56  4:49  Drone  
  56  4:52  Drone  
  60  4:54  Drone x2  
  62  5:01  Drone x4  
  62  5:04  Drone  
  62  5:06  Drone  
  68  5:10  Lair  
  68  5:11  Baneling  
  68  5:12  Baneling  
  68  5:15  Drone x2  
  68  5:20  Drone  
  71  5:21  Drone x2  
  71  5:24  Drone x2  
  71  5:25  Drone  
  71  5:27  Drone  
  73  5:30  Drone x2  
  73  5:31  Drone  
  73  5:34  Drone  
  75  5:37  Baneling  
  75  5:40  Drone x2  
  74  5:44  Extractor x2  
  74  5:45  Drone x2  
  74  5:52  Drone  
  74  5:53  Drone x3  
  74  5:54  Roach, Hatchery  
  74  5:55  Roach  
  81  6:02  Overlord  
  81  6:05  Roach x2  
  81  6:08  Infestation Pit, Glial Reconstitution  
  81  6:10  Roach  
  86  6:11  Overseer  
  86  6:12  Roach  
  86  6:17  Roach  
  86  6:18  Roach x2  
  93  6:20  Roach  
  93  6:22  Roach x2  
  99  6:26  Roach x2  
  99  6:27  Overlord  
  99  6:30  Overlord  
  103  6:33  Overlord  
  103  6:35  Zerg Missile Weapons Level 2  
  103  6:39  Overlord x2  
  103  6:44  Overlord  
  103  6:50  Infestor x3  
  109  6:54  Burrow  
  109  6:58  Drone  
  109  7:01  Spore Crawler  
  109  7:02  Drone x2  
  109  7:03  Roach x4  
  109  7:07  Queen  
  121  7:08  Roach  
  121  7:14  Roach x3  
  129  7:23  Roach  
  129  7:24  Roach x4  
  129  7:27  Ravager x3  
  142  7:30  Spore Crawler  
  142  7:33  Roach x3  
  142  7:36  Roach  
  149  7:38  Roach x2  
  149  7:40  Roach  
  149  7:41  Roach  
  149  7:44  Overlord  
  157  7:46  Roach  
  157  7:47  Overlord  
  157  7:49  Overlord  
  159  8:00  Overlord  
  159  8:01  Overlord  
  159  8:03  Roach x3  
  159  8:04  Roach  
  167  8:08  Roach  
  167  8:09  Roach x4  
  173  8:21  Roach x11  
  173  8:23  Roach x2  
  173  8:24  Roach  
  173  8:25  Roach  
  173  8:26  Roach x7  
  175  8:29  Roach x11  
  175  8:31  Roach x2  
  172  8:34  Roach  
  172  8:35  Roach  
  172  8:36  Roach  
  172  8:38  Roach  
  172  8:41  Ravager x4  
  177  8:48  Ravager, Roach  
  180  8:50  Roach  
  180  8:51  Roach  
  184  8:56  Roach x3  
  170  9:15  Roach  
  170  9:16  Roach x6  
  174  9:17  Roach x3  
  174  9:18  Roach x5  
  192  9:24  Roach x4  
  198  9:33  Ravager  
Show
View Real Time Build Order
Export as new Build Order

PandaBearMe Zerg 

Build Orders: Hatch First 

Get SALT Encoding   

  12  0:03  Drone  
  13  0:12  Overlord  
  13  0:18  Drone  
  14  0:31  Drone  
  14  0:32  Drone  
  16  0:50  Hatchery  
  16  0:53  Drone  
  16  0:56  Drone  
  17  1:00  Drone  
  17  1:02  Extractor  
  17  1:15  Spawning Pool  
  16  1:19  Drone  
  16  1:23  Drone  
  18  1:29  Drone  
  19  1:39  Overlord  
  19  1:52  Drone  
  20  2:02  Queen x2  
  20  2:04  Metabolic Boost  
  20  2:08  Zergling x2  
  25  2:11  Zergling x2  
  25  2:15  Drone  
  27  2:17  Drone  
  28  2:25  Drone  
  28  2:26  Drone  
  28  2:29  Baneling Nest  
  29  2:33  Drone  
  29  2:36  Drone  
  31  2:53  Hatchery  
  31  2:58  Drone x2  
  32  3:01  Drone  
  33  3:17  Overlord  
  33  3:19  Zergling x6  
  36  3:32  Overlord  
  36  3:33  Baneling  
  36  3:34  Baneling x3  
  36  3:35  Zergling x8  
  36  3:36  Zergling x2  
  41  3:42  Queen  
  41  3:48  Overlord  
  43  3:50  Drone  
  43  3:59  Overlord  
  43  4:04  Drone x2  
  43  4:05  Drone x2  
  43  4:07  Drone  
  43  4:09  Drone x2  
  48  4:21  Drone x4, Overlord  
  50  4:28  Drone  
  50  4:30  Drone  
  50  4:33  Lair  
  50  4:37  Extractor  
  48  4:39  Drone x2, Roach Warren  
  48  4:40  Drone  
  48  4:42  Drone  
  48  4:45  Evolution Chamber  
  50  4:46  Drone  
  50  4:48  Drone  
  50  4:49  Drone  
  53  4:55  Drone  
  53  4:56  Drone  
  55  5:01  Drone  
  55  5:06  Zergling x4  
  58  5:07  Drone x3  
  58  5:08  Drone  
  58  5:13  Zergling x8  
  66  5:15  Zerg Missile Weapons Level 1  
  65  5:30  Drone x4, Overlord  
  65  5:33  Drone x2  
  71  5:38  Extractor  
  71  5:39  Extractor  
  63  5:43  Baneling  
  63  5:45  Zergling x2  
  63  5:46  Roach x5  
  63  5:49  Drone x2  
  76  5:50  Glial Reconstitution  
  76  5:51  Drone  
  76  5:52  Drone x2, Extractor  
  76  5:53  Drone  
  79  5:57  Extractor  
  78  6:09  Drone, Overlord  
  78  6:10  Drone x6  
  84  6:21  Drone x2  
  84  6:22  Drone x2, Infestation Pit  
  84  6:25  Infestation Pit  
  86  6:26  Hatchery  
  86  6:27  Roach x2  
  86  6:29  Roach  
  91  6:39  Overlord  
  91  6:40  Overlord x3  
  91  6:41  Roach x3  
  91  6:45  Overlord  
  97  6:48  Overlord  
  98  6:54  Overlord  
  98  6:56  Overseer  
  98  6:59  Roach  
  98  7:00  Roach x3  
  106  7:03  Infestor x4  
  114  7:13  Overlord  
  114  7:16  Zerg Missile Weapons Level 2  
  114  7:21  Drone x5  
  119  7:22  Extractor  
  119  7:23  Extractor  
  119  7:24  Overlord  
  119  7:26  Roach x3  
  123  7:33  Drone x2  
  125  7:39  Ravager x5  
  125  7:41  Overlord  
  125  7:42  Drone x3  
  133  7:48  Roach x7  
  147  7:51  Roach  
  147  7:52  Roach  
  147  7:57  Roach x2, Spine Crawler  
  154  7:59  Spine Crawler  
  154  8:03  Roach x4  
  154  8:04  Roach  
  163  8:09  Burrow  
  163  8:10  Roach x4  
  163  8:12  Ravager, Unknown x2  
  125  8:27  Roach x9  
  135  8:46  Infestor x2  
  135  8:48  Ravager x3  
  142  8:51  Drone x7  
  149  8:57  Hatchery, Spine Crawler x2  
  149  9:00  Ravager x3  
  149  9:01  Ravager  
  150  9:06  Roach x6  
  136  9:12  Roach  
  136  9:13  Roach x11  
  136  9:15  Roach  
  148  9:19  Roach x3  
  148  9:23  Ravager x2  
  156  9:28  Roach x4  
  164  9:33  Roach x2  
  164  9:34  Roach  
  164  9:36  Roach x3  
  176  9:40  Overlord  
  173  9:53  Roach  
  173  9:54  Overlord  
  175  10:00  Ravager x3  
  175  10:01  Ravager  
Tags
 
Add a new tag
Caveats
  • Supply blocks, unpowered buildings, or Contaminate may cause inaccurate times.
  • Supply counts are checked every 10 seconds.